AoeStats
← SlowHandsManu

MegaRandom

507571187Analyzed
4v4 RM · 12d ago on Sep 18, 2026· 71m 4s· 8 players
Game mode
Random Map
Map size
Large (8 player)
Population
200
Speed
Normal
Resources
Standard
Victory
Conquest
Starting age
Dark Age
Ending age
Imperial Age
RankedLock teamsTeams togetherTeam positionsShared explorationLock speedFull tech treeHidden civsTurbo modeCheats
Victory
Defeat
🇩🇪 Persians · Germany
1609
+15
🇺🇸 Hindustanis · United States
1536
+18
🇩🇪 Bohemians · Germany
1517
+19
🇩🇪 Mongols · Germany
1401
+24
🇨🇱 Mongols · Chile
1619
-20
🇨🇳 Persians · China
1610
-20
🇹🇷 Malians · Türkiye
1578
-19
🇨🇳 Britons · China
1537
-17
Marlin
6:08 Loom
6:34 Loom
9:11 Feudal Age
15:46 Castle Age
14:00 Double-Bit Axe
15:28 Horse Collar
15:44 Fletching
16:48 Medium Warships
20:31 Bow Saw
23:59 Wheelbarrow
26:38 Heavy Plow
27:12 Hand Cart
27:34 Gold Mining
27:35 Stone Mining
28:59 Town Watch
32:04 Imperial Age
29:47 Forging
30:20 Ballistics
30:11 Clinker Construction
30:12 Careening
30:35 Town Watch
32:03 Scale Barding Armor
31:56 Bodkin Arrow
32:02 Padded Archer Armor
33:26 Chemistry
32:58 Heavy Warships
33:02 Carvel Hull
33:45 Leather Archer Armor
34:01 Dry Dock
35:26 Ring Archer Armor
35:03 Scale Barding Armor
35:36 Iron Casting
35:18 Bloodlines
35:08 Husbandry
35:13 Heavy Camel Rider
37:19 Chain Barding Armor
38:44 Blast Furnace
37:51 Cavalier
39:49 Plate Barding Armor
39:16 Savar
42:11 Conscription
41:38 Light Cavalry
44:00 Elite Skirmisher
45:56 Hussar
54:32 Gold Shaft Mining
54:32 Stone Shaft Mining
62:41 Caravan
64:56 Two-Man Saw
64:35 Crop Rotation
JavelinMen
12:46 Feudal Age
11:02 Loom
12:46 Man-at-Arms
13:13 Double-Bit Axe
14:37 Arson
14:52 Horse Collar
16:21 Fletching
25:41 Castle Age
23:59 Stone Mining
25:53 Long Swordsman
27:33 Scale Mail Armor
31:52 Wheelbarrow
33:44 Hand Cart
36:32 Bow Saw
37:22 Heavy Plow
41:54 Imperial Age
41:11 Chain Mail Armor
41:06 Forging
42:32 Bodkin Arrow
43:09 Plate Mail Armor
42:01 Elite Gbeto
43:01 Conscription
43:09 Bodkin Arrow
43:14 Padded Archer Armor
43:54 Crop Rotation
44:54 Hoardings
44:30 Masonry
44:00 Elite Skirmisher
46:02 Iron Casting
45:42 Leather Archer Armor
46:08 Ballistics
46:49 Chemistry
58:26 Crossbowman
59:11 Thumb Ring
58:52 Arbalester
60:03 Ring Archer Armor
62:46 Caravan
63:56 Architecture
70:38 Scale Barding Armor
letmebelieve
4:56 Loom
10:43 Feudal Age
11:16 Double-Bit Axe
18:41 Castle Age
21:02 Town Watch
24:46 Bow Saw
25:58 Wheelbarrow
33:14 Imperial Age
31:00 Fletching
30:53 Horse Collar
31:32 Hand Cart
31:52 Bodkin Arrow
33:11 Padded Archer Armor
35:37 Conscription
35:47 Bracer
36:46 Leather Archer Armor
36:56 Ballistics
37:16 Elite Mangudai
39:00 Husbandry
39:11 Bloodlines
41:07 Thumb Ring
41:28 Parthian Tactics
42:08 Coinage
42:46 Chemistry
42:02 Heavy Camel Rider
45:01 Light Cavalry
48:14 Hussar
50:11 Scale Barding Armor
50:17 Forging
51:48 Chain Barding Armor
53:43 Iron Casting
59:20 Gold Mining
59:21 Stone Mining
64:09 Elite Skirmisher
超级硬邦邦
9:43 Loom
12:32 Feudal Age
14:04 Double-Bit Axe
15:17 Wheelbarrow
17:03 Castle Age
15:40 Stone Mining
18:02 Wheelbarrow
17:12 Town Watch
18:28 Bow Saw
19:11 Fletching
23:40 Horse Collar
24:24 Heavy Plow
24:42 Gold Mining
25:39 Padded Archer Armor
26:30 Bodkin Arrow
30:14 Imperial Age
30:03 Ballistics
30:49 Hand Cart
31:24 Gold Shaft Mining
33:47 Chemistry
34:01 Two-Man Saw
35:57 Conscription
35:52 Bracer
36:53 Elite Longbowman
50:49 Yeomen
60:45 Caravan
61:16 Coinage
68:56 Banking
Rabe3000
8:03 Loom
10:17 Feudal Age
11:28 Double-Bit Axe
11:27 Horse Collar
14:21 Town Watch
16:35 Scale Barding Armor
18:58 Forging
23:54 Castle Age
27:10 Bow Saw
29:04 Chain Barding Armor
29:19 Iron Casting
30:22 Heavy Plow
32:03 Wheelbarrow
34:51 Imperial Age
32:59 Wheelbarrow
33:01 Bloodlines
32:53 Husbandry
35:02 Heavy Camel Rider
37:20 Two-Man Saw
39:19 Blast Furnace
39:39 Hand Cart
40:30 Town Patrol
42:56 Plate Barding Armor
47:58 Fervor
47:56 Imperial Camel Rider
57:43 Fletching
64:39 Light Cavalry
65:39 Bodkin Arrow
65:26 Siege Elephant
68:40 Hussar
SlowHandsManu
4:16 Loom
11:17 Feudal Age
18:30 Castle Age
16:37 Double-Bit Axe
16:50 Horse Collar
19:22 Bow Saw
21:19 Fletching
22:35 Padded Archer Armor
22:42 Padded Archer Armor
22:39 Bodkin Arrow
22:59 Bloodlines
23:43 Padded Archer Armor
30:18 Wheelbarrow
32:50 Gold Mining
35:55 Imperial Age
33:54 Heavy Plow
37:13 Conscription
36:56 Bracer
37:04 Thumb Ring
38:05 Leather Archer Armor
38:39 Elite Mangudai
39:24 Capped Ram
44:18 Chemistry
46:21 Parthian Tactics
45:59 Husbandry
45:24 Siege Ram
48:53 Hand Cart
49:01 Scale Mail Armor
49:12 Forging
50:39 Chain Mail Armor
49:47 Pikeman
53:25 Plate Mail Armor
55:32 Squires
57:33 Stone Mining
58:19 Gold Shaft Mining
58:05 Caravan
60:08 Ballistics
60:16 Arson
63:06 Stone Shaft Mining
64:39 Town Watch
64:26 Elite Skirmisher
68:35 Iron Casting
68:57 Town Patrol
DoubleZX
6:04 Loom
8:59 Feudal Age
9:52 Fishing Lines
16:30 Wheelbarrow
17:43 Fletching
20:05 Town Watch
24:33 Castle Age
22:50 Horse Collar
24:38 Scale Barding Armor
29:51 Bodkin Arrow
38:11 Imperial Age
35:45 Double-Bit Axe
36:06 Heavy Plow
36:05 Gold Mining
36:09 Stone Mining
37:07 Kamandaran
37:44 Bow Saw
36:59 Crossbowman
38:04 Ballistics
38:10 Padded Archer Armor
38:52 Conscription
39:57 Chemistry
40:25 Leather Archer Armor
41:15 Two-Man Saw
42:12 Thumb Ring
43:55 Forging
45:55 Chain Barding Armor
45:53 Bloodlines
45:44 Husbandry
46:57 Ring Archer Armor
49:45 Plate Barding Armor
48:58 Light Cavalry
50:07 Medium Warships
50:44 Iron Casting
52:13 Heavy Warships
59:57 Blast Furnace
58:43 Heavy Camel Rider
62:34 Crop Rotation
62:40 Hand Cart
64:13 Capped Ram
65:37 Hussar
69:25 Gold Shaft Mining
69:25 Stone Shaft Mining
70:28 Citadels
Blade_PEC
11:07 Feudal Age
15:33 Castle Age
13:45 Loom
17:43 Wheelbarrow
16:54 Double-Bit Axe
17:44 Fervor
19:26 Horse Collar
21:14 Heavy Plow
27:51 Imperial Age
26:55 Bow Saw
29:04 Chemistry
28:11 Fletching
30:44 Ballistics
30:20 Bodkin Arrow
31:05 Bracer
33:06 Siege Engineers
33:20 Scale Mail Armor
34:00 Masonry
35:26 Conscription
35:24 Chain Mail Armor
35:19 Forging
35:57 Elite Hussite Wagon
37:01 Padded Archer Armor
37:27 Bombard Tower
38:00 Architecture
38:22 Houfnice
39:19 Leather Archer Armor
41:40 Ring Archer Armor
42:17 Medium Warships
43:31 Heavy Warships
43:21 Clinker Construction
44:26 Careening
43:49 Pikeman
44:29 Squires
45:18 Hand Cart
44:48 Town Watch
44:32 Halberdier
46:14 Fishing Lines
51:56 Treadmill Crane
52:12 Murder Holes
53:21 Plate Mail Armor
58:30 Iron Casting
58:52 Caravan
59:06 Guilds
62:22 Blast Furnace
70:10 Town Patrol
Connection lost

Rejoining the realm…

Still unreachable

The connection could not be restored.

Session expired

The server has moved on; the page needs a fresh start.